 Dungeon Crawl Stone Soup version 0.31.0-9-g3a7656b989 (webtiles) character file.

Game seed: 15741258159265619215

16 qw the Shooter (level 2, 0/16 HPs)
             Began as a Deep Elf Hunter on Feb 2, 2024.
             Slain by a frilled lizard (3 damage)
             ... on level 1 of the Dungeon.
             The game lasted 00:00:01 (317 turns).

qw the Shooter (Deep Elf Hunter)                     Turns: 317, Time: 00:00:01

Health: 0/16       AC:  3    Str:  8    XL:     2   Next: 37%
Magic:  4/4        EV: 12    Int: 13    God:
Gold:   45         SH:  0    Dex: 18    Spells: 1/1 levels left

rFire   . . .        a - +0 shortbow
rCold   . . .        (shield currently unavailable)
rNeg    . . .        c - +0 leather armour
rPois   .            (no helmet)
rElec   .            (no cloak)
rCorr   .            (no gloves)
SInv    .            (no boots)
Will    .....        (no amulet)
Stlth   ++           (no ring)
HPRegen 0.22/turn    (no ring)
MPRegen 0.09/turn

%: no passive effects
@: no status effects
A: no striking features
a: no special abilities


You were on level 1 of the Dungeon.
You visited 1 branch of the dungeon, and saw 1 of its levels.

You collected 45 gold pieces.


   Skills:
 - Level 1.5 Fighting
 + Level 6.2 Ranged Weapons
 - Level 2.4 Dodging
 - Level 1.2 Stealth


You had one spell level left.
You didn't know any spells.
Your spell library was empty.

Inventory:

Hand Weapons
 a - a +0 shortbow (weapon)
Armour
 c - a +0 leather armour (worn)
Scrolls
 b - a scroll of butterflies
 f - a scroll of identify {unknown}
Potions
 d - a potion of haste {unknown}
 e - a potion of curing {unknown}
 g - a potion of degeneration {unknown}

Dungeon Overview and Level Annotations

Branches:
Dungeon (1/15)

Altars:


Message History

You kill the frilled lizard!
You shoot an arrow.
The arrow closely misses the frilled lizard.
The frilled lizard bites you but does no damage.
The frilled lizard closely misses you.
You shoot an arrow.
The arrow barely misses the frilled lizard.
The frilled lizard bites you but does no damage.
The frilled lizard misses you.
A frilled lizard comes into view.
You shoot an arrow.
The arrow hits the frilled lizard but does no damage.
The frilled lizard bites you. x2; The frilled lizard barely misses you. x2
You shoot an arrow. The arrow misses the frilled lizard.
The frilled lizard bites you but does no damage.
You shoot an arrow. The arrow hits the frilled lizard.
The frilled lizard is heavily wounded.
The frilled lizard bites you. x2; The frilled lizard barely misses you. x2
You shoot an arrow.
The arrow barely misses the frilled lizard.
The frilled lizard barely misses you. The frilled lizard bites you.
The frilled lizard completely misses you.
The frilled lizard barely misses you.
You shoot an arrow. The arrow hits the frilled lizard.
You kill the frilled lizard!
The frilled lizard bites you. x2
The frilled lizard bites you but does no damage.
You shoot an arrow. The arrow hits the frilled lizard!
You kill the frilled lizard!
The frilled lizard bites you.
The frilled lizard bites you but does no damage.
You shoot an arrow. The arrow hits the frilled lizard!
You kill the frilled lizard!
The frilled lizard bites you. The frilled lizard misses you.
You shoot an arrow. The arrow misses the frilled lizard.
The arrow closely misses the frilled lizard.
The frilled lizard closely misses you. x2
The frilled lizard bites you but does no damage.
The frilled lizard bites you.
You die...

#.(.#...#
.~~~~..
#........
.......
#........
.......
#........
........
#........
.......#
#.....<..
#....#
#........
###...l###
#########
#.....l@.#
#.....l..#
#........#
#........#
#........#
#........#
#........#
#........#
#..%.....######


You could see 3 frilled lizards.

Vanquished Creatures
  2 ball pythons (D:1)
  2 endoplasms (D:1)
  A goblin (D:1)
  A hobgoblin (D:1)
  2 kobolds (D:1)
  A bat (D:1)
  6 frilled lizards (D:1)
  A rat (D:1)
16 creatures vanquished.

Notes
Turn   | Place    | Note
-------+----------+-------------------------------------------
     0 | D:1      | qw the Deep Elf Hunter began the quest for the Orb.
     0 | D:1      | Reached XP level 1. HP: 12/12 MP: 3/3
     0 | D:1      | 0 ||| qw: Version: 0.3-a-155-g5e7d8dd
     0 | D:1      | 0 ||| qw: Game counter: 1751
     0 | D:1      | 0 ||| qw: Melee chars always use a shield: true
     0 | D:1      | 0 ||| qw: God list: Okawaru
     0 | D:1      | 0 ||| qw: Allow faded altars: false
     0 | D:1      | 0 ||| qw: Do Orc after clearing Dungeon:15 true
     0 | D:1      | 0 ||| qw: Do second Lair branch before Depths: true
     0 | D:1      | 0 ||| qw: Lair rune preference: random
     0 | D:1      | 0 ||| qw: Goals: Normal
     0 | D:1      | 0 ||| PLANNING D:1-11
   265 | D:1      | Reached XP level 2. HP: 16/16 MP: 4/4
   275 | D:1      | Reached skill level 6 in Ranged Weapons
   316 | D:1      | HP: 3/16 [frilled lizard (2)]
   317 | D:1      | Slain by a frilled lizard

Levels and vault maps discovered:
D:1:      lightli_arrival_quake, layout_basic, chequers_serial_rivers_small_3,
          minmay_lizard_pond

Skill      XL: |  1  2 |
---------------+-------+-----
Ranged Weapons | 6 |  6.2
Fighting       | |  1.5
Dodging        | |  2.4
Stealth        | |  1.2

Action                     || total
---------------------------++-------
   Fire: Shortbow          ||    41
 Armour: Leather armour    ||    20
  Dodge: Dodged            ||    15

Table legend:
 A = Non-vault XP
 B = Vault XP
 C = Vault XP percentage of total XP
 D = Non-vault monster count
 E = Vault monster count
 F = Vault count percentage of total count
                 A         B        C        D         E       F
            +---------+---------+-------+---------+---------+-------
      Total |      17 |       6 |  26.1 |      10 |       6 |  37.5
            +---------+---------+-------+---------+---------+-------
        D:1 |      17 |       6 |  26.1 |      10 |       6 |  37.5
            +---------+---------+-------+---------+---------+-------
